 Dungeon Crawl Stone Soup version 0.17-a0-1636-g3119f2b (webtiles) character file.

583 thrall606 the Conjurer (level 7, -1/48 HPs)
             Began as a Demonspawn Conjurer on Aug 5, 2015.
             Slain by Menkaure (14 damage)
             ... on level 5 of the Dungeon.
             The game lasted 00:18:51 (4863 turns).

thrall606 the Conjurer (Demonspawn Conjurer)        Turns: 4863, Time: 00:18:51

Health: -1/48      AC: 10    Str:  8    XL:     7   Next: 14%
Magic:  1/11       EV: 14    Int: 19    God:
Gold:   167        SH:  0    Dex: 16    Spells: 3 memorised, 5 levels left

rFire  + . .     SeeInvis .     i - +1 halberd (protect)
rCold  + . .     Clarity  .     s - +2 robe {rC+ rF+}
rNeg   . . .     SustAt   .     (no shield)
rPois  .         Gourm    .     (helmet restricted)
rElec  .         Spirit   .     f - +0 cloak
rCorr  .         Warding  .     (no gloves)
rMut   .         Stasis   .     (no boots)
MR     .....                    (no amulet)
Stlth  ++++......               (no ring)
                                p - +3 ring of dexterity

@: not resistant to hostile enchantments, stealthy
A: antennae 1, claws 1, nightstalker 2
a: no special abilities


You were on level 5 of the Dungeon.
You were not hungry.

You visited 1 branch of the dungeon, and saw 5 of its levels.

You collected 167 gold pieces.

Inventory:

Hand weapons
 e - a +1 short sword
 i - a +1 halberd of protection (weapon)
 m - a +0 falchion
Armour
 a - a +0 robe
 d - a +0 robe
 f - a +0 cloak (worn)
 g - a +0 leather armour
 k - a +0 robe
 s - a +2 robe of resistance (worn)
Jewellery
 p - a +3 ring of dexterity (left claw)
Magical devices
 j - a wand of magic darts (13)
 l - a wand of digging (11)
 q - a wand of magic darts (16)
Scrolls
 h - a scroll of teleportation
 r - a scroll of remove curse
Books
 b - a book of Conjurations

   Spells                             Type                      Level
   a - Magic Dart                     Conjuration                  1
   b - Searing Ray                    Conjuration                  2
   c - Dazzling Spray                 Conjuration/Hexes            3
   d - Fulminant Prism                Conjuration/Hexes            4
   e - Iskenderun's Mystic Blast      Conjuration                  4
   f - Iskenderun's Battlesphere      Conjuration/Charms           5
Comestibles
 c - 2 bread rations
 n - a meat ration
 o - a beef jerky


   Skills:
 + Level 1.6 Fighting
 + Level 1.7 Polearms
 + Level 2.4 Armour
 + Level 4.0 Dodging
 + Level 2.8 Stealth
 + Level 0.1 Unarmed Combat
 + Level 3.1 Spellcasting
 + Level 5.1 Conjurations


You had 5 spell levels left.
You knew the following spells:

 Your Spells              Type           Power        Failure   Level  Hunger
a - Magic Dart            Conj           ###.         1%          1    None
b - Searing Ray           Conj           ###...       3%          2    ##.....
c - Iskenderun's Mystic   Conj           ###.....     21%         4    ####...


Dungeon Overview and Level Annotations

Branches:
Dungeon (5/15)
 Temple: D:4-7

Altars:

Annotations:
D:5 Menkaure


Innate Abilities, Weirdness & Mutations

You have a pair of small antennae on your head.
You have sharp fingernails.
You are significantly more attuned to the shadows.


Message History

Aim: Menkaure The searing ray hits Menkaure.
Menkaure is moderately damaged.
Casting: Searing Ray
Confirm with . or Enter, or press ? or * to list all spells.
You don't have enough magic to cast that spell.
Unknown command.
Menkaure grins.
Menkaure closely misses you.
Menkaure hums drily.
Menkaure calls on the powers of darkness!
Your body is wracked with pain!
You hit Menkaure but do no damage.
Menkaure is moderately damaged.
Menkaure hits you!
* * * LOW HITPOINT WARNING * * *
You hit Menkaure.
Menkaure is heavily damaged.
Menkaure hits you!
You die...

#...## #....
#...#######
#...#<)...# #
#...#####.#.#
#####M..........#
.....@........#.#
######..#######.#
#### #


You could see Menkaure.

Vanquished Creatures
  2 ogres
  2 scorpions (D:4)
  3 hounds
  Terence (D:3)
  An orc wizard (D:4)
  2 hound skeletons (D:4)
  2 gnolls (D:2)
  5 adders
  A shadow imp (D:4)
  2 worms (D:2)
  12 orcs
  6 bats
  3 giant cockroaches (D:2)
  4 goblins
  4 hobgoblins
  2 kobolds
  3 quokkas
  A ball python (D:4)
  2 giant newts
  5 rats
63 creatures vanquished.

Notes
Turn   | Place    | Note
--------------------------------------------------------------
     0 | D:1      | thrall606 the Demonspawn Conjurer began the quest for the Orb.
     0 | D:1      | Reached XP level 1. HP: 13/13 MP: 3/3
   362 | D:1      | Gained mutation: You have sharp fingernails. [demonic ancestry]
   362 | D:1      | Reached XP level 2. HP: 19/19 MP: 1/5
   504 | D:1      | Learned a level 2 spell: Searing Ray
  1626 | D:2      | Gained mutation: You are slightly more attuned to the shadows. [demonic ancestry]
  1626 | D:2      | Reached XP level 3. HP: 24/24 MP: 3/6
  1891 | D:2      | Reached XP level 4. HP: 29/31 MP: 2/8
  2866 | D:3      | Noticed Terence
  2877 | D:3      | Killed Terence
  3222 | D:3      | Gained mutation: You are significantly more attuned to the shadows. [demonic ancestry]
  3222 | D:3      | Reached XP level 5. HP: 36/36 MP: 1/9
  3265 | D:3      | Learned a level 4 spell: Iskenderun's Mystic Blast
  3412 | D:3      | Reached skill level 1 in Armour
  3649 | D:4      | Reached skill level 1 in Fighting
  4139 | D:4      | Gained mutation: You have a pair of small antennae on your head. [demonic ancestry]
  4139 | D:4      | Reached XP level 6. HP: 43/43 MP: 3/10
  4195 | D:4      | Reached skill level 1 in Polearms
  4614 | D:4      | Noticed an ogre
  4641 | D:4      | Killed an ogre
  4784 | D:4      | Reached skill level 5 in Conjurations
  4840 | D:5      | Entered Level 5 of the Dungeon
  4845 | D:5      | Reached XP level 7. HP: 34/48 MP: 1/11
  4856 | D:5      | Noticed Menkaure
  4863 | D:5      | Slain by Menkaure

Vault maps used:
D:1:      dpeg_arrival_round_a, corexii_leaking_fountain
D:3:      minmay_tree_intersection, uniq_terence
D:4:      first_bread
D:5:      lemuel_upstairs_altar, kennysheep_little_box, led_sif_pool,
          uniq_menkaure, uniq_sigmund, uniq_pikel

Action                   |  1- 3 |  4- 6 |  7- 9 || total
-------------------------+-------+-------+-------++-------
Melee: Short sword       |     9 |       |       ||     9
       Unarmed           |    34 |       |       ||    34
       Halberd           |    16 |   125 |     2 ||   143
 Cast: Magic Dart        |    30 |     3 |       ||    33
       Searing Ray       |    13 |    72 |     1 ||    86
  Use: Potion            |     5 |       |       ||     5
       Scroll            |     4 |     2 |       ||     6
 Stab: Sleeping          |     2 |       |       ||     2
  Eat: Bread ration      |     1 |     1 |       ||     2
       Chunk             |       |     4 |       ||     4
       Meat ration       |       |     1 |       ||     1
